 Dungeon Crawl Stone Soup version 0.25-a0-51-gc466198 (webtiles) character file.

Game seed: 18069900219986572698, levelgen mode: deterministic

2809 BoppinsLewinski the Carver (level 9, -2/78 HPs)
             Began as a White Draconian Fighter on Oct 25, 2019.
             Was a Believer of Wu Jian.
             Engulfed by Joseph's freezing vapour (11 damage)
             ... on level 8 of the Dungeon.
             The game lasted 00:21:05 (9306 turns).

BoppinsLewinski the Carver (DrFi)                   Turns: 9306, Time: 00:21:05

Health: -2/78      AC: 10    Str: 19 (21) XL:     9   Next: 44%
Magic:  9/9        EV: 14    Int:  7 (9)  God:    Wu Jian [**....]
Gold:   538        SH:  2    Dex:  9 (11) Spells: 8/8 levels left

rFire    . . .     SeeInvis .   a - +0 long sword
rCold    + . .     Gourm    .   (no shield)
rNeg     . . .     Faith    .   (armour unavailable)
rPois    .         Spirit   .   (helmet restricted)
rElec    .         Reflect  +   y - +0 cloak
rCorr    .         Harm     .   (no gloves)
MR       .....                  b - +1 pair of boots
Stlth    +.........             t - +2 amulet of reflection
HPRegen  0.23/turn              (no ring)
MPRegen  0.11/turn              (no ring)

@: short of breath, berserk cooldown
A: breathe frost, unfitting armour, cold resistance 1, cold-blooded, AC +7
a: Breathe Frost, Wall Jump, Renounce Religion


You were on level 8 of the Dungeon.
You worshipped Wu Jian.
Wu Jian was pleased with you.
You were not hungry.

You visited 2 branches of the dungeon, and saw 9 of its levels.
You also visited: Ossuary.

You collected 538 gold pieces.

Inventory:

Hand Weapons
 a - a +0 long sword (weapon)
 i - a +1 hunting sling
Missiles
 f - 5 javelins (quivered)
 g - a throwing net
 j - 284 stones
 z - 3 silver boomerangs
 C - 8 boomerangs
Armour
 b - a +1 pair of boots (worn)
 y - a +0 cloak (worn)
Jewellery
 t - a +2 amulet of reflection (around neck)
 v - an uncursed ring of resist corrosion
Scrolls
 h - 5 scrolls of amnesia
 l - 5 scrolls of teleportation {unknown}
 m - 4 scrolls of remove curse
 n - 2 scrolls of enchant armour
 p - a scroll of enchant weapon
 s - 2 scrolls of fog {unknown}
 x - a scroll of blinking {unknown}
Potions
 e - 2 potions of brilliance
 k - 3 potions of cancellation
 o - 3 potions of curing
 r - a potion of magic
 u - 3 potions of resistance
 w - 2 potions of flight
 B - a potion of lignification
 E - 2 potions of degeneration
Comestibles
 c - 2 chunks of flesh
 d - 17 rations


   Skills:
 + Level 6.7 Fighting
 * Level 8.0 Long Blades
 + Level 4.3(5.3) Slings
 + Level 4.6(5.5) Throwing
 + Level 5.6 Dodging
   Level 3.0 Shields


You had 8 spell levels left.
You didn't know any spells.
Your spell library contained the following spells:

 Spells                   Type           Power        Failure   Level  Hunger
 Beastly Appendage        Tmut           #.....       43%         1    ##.....
 Flame Tongue             Conj/Fire      #....        43%         1    ##.....
 Magic Dart               Conj           #...         43%         1    ##.....
 Summon Small Mammal      Summ           #...         43%         1    ##.....
 Blink                    Tloc           N/A          56%         2    ###....
 Call Imp                 Summ           #.......     56%         2    ###....
 Slow                     Hex            #.......     56%         2    ###....
 Sticks to Snakes         Tmut           #.......     56%         2    ###....
 Throw Flame              Conj/Fire      #.....       56%         2    ###....
 Call Canine Familiar     Summ           #.......     80%         3    ####...
 Conjure Flame            Conj/Fire      #.......     80%         3    ####...
 Inner Flame              Hex/Fire       #.......     80%         3    ####...
 Mephitic Cloud           Conj/Pois/Air  #.......     80%         3    ####...
 Spider Form              Tmut/Pois      #.........   80%         3    ####...
 Summon Guardian Golem    Hex/Summ       #.......     80%         3    ####...
 Ice Form                 Ice/Tmut       #.......     99%         4    #####..
 Sticky Flame             Conj/Fire      #.......     99%         4    #####..
 Summon Ice Beast         Ice/Summ       #.......     99%         4    #####..
 Summon Lightning Spire   Summ/Air       #.......     99%         4    #####..
 Blade Hands              Tmut           #.........   100%        5    ######.
 Bolt of Magma            Conj/Fire/Erth #.........   100%        5    ######.
 Fireball                 Conj/Fire      #.........   100%        5    ######.
 Iskenderun's Battlesphe  Conj/Chrm      #.......     100%        5    ######.
 Venom Bolt               Conj/Pois      #.........   100%        5    ######.
 Iron Shot                Conj/Erth      #.........   100%        6    #######
 Orb of Destruction       Conj           #.........   100%        7    #######
 Spellforged Servitor     Conj/Summ      #.........   100%        7    #######


Dungeon Overview and Level Annotations

Branches:
Dungeon (8/15)             Temple (1/1) D:5            Lair (0/6) D:8
Ossuary (visited)

Altars:
Cheibriados
Gozag
Hepliaklqana
Okawaru
Sif Muna
Trog
Vehumet
Wu Jian
Zin
The Shining One

Annotations:
D:8 Joseph, Prince Ribbit


Innate Abilities, Weirdness & Mutations

You can breathe waves of freezing cold.
You can buffet flying creatures when you breathe cold.
Your icy white scales are hard. (AC +7)
You cannot fit into any form of body armour.
Your flesh is cold resistant. (rC+)
You are cold-blooded and may be slowed by cold attacks.


Message History

Yer tail-slap misses tha orc warrior.
Tha orc warrior be almost dead.
Ye spin an' attack tha orc wizard.
Ye closely miss tha orc wizard.
Tha orc wizard be severely wounded.
Joseph hits ye but does nay damage.
Tha orc warrior hits ye wit' a +0 long sword!
* * * LOW HITPOINT WARNIN'
* * * Ye see 'ere 11 gold pieces.
Joseph zaps a wand.
Joseph creates a blast o' freezin' vapour!
Unknown command.
Press: ? - help, Shift-Dir - straight line, f - orc priest
Aim: an orc priest, wieldin' a +0 hand axe (almost dead) Ye 'shale a wave o' freezin' cold.
Tha freezin' breath misses Joseph.
Tha freezin' breath hits tha orc priest!
Ye kill tha orc priest!
Tha Council accepts yer kill.
Yer Long Blades skill increases ta level 8!
Ye feel somewhat more hungry.
Ye be 'ngulfed in freezin' vapours.
Ye resist.
Ye die...

#..#.# #..#.# #..#..
######## #..... #......#
#..... #.....$#...
#.>...
#§§§...#....#..##.
#§§....#....#..##. #
#@§†...# ...#..#.. ...
#§$....# #.##.....
.....##@oo...###.##÷##..
.......)(...........###.
.......##...............
....... #...........####
.....## #.............#
..... #.............#
.... #.............#


You could see Joseph, an orc warrior and an orc wizard.

Vanquished Creatures
  Maurice (D:7)
  2 water moccasins
  Duvessa (D:5)
  A sky beast (D:6)
  An ice beast (D:7)
  An orc warrior (D:7)
  2 phantoms
  A black bear (D:6)
  A centaur (D:7)
  2 ogres
  A bullfrog (D:6)
  Dowan (D:5)
  3 scorpions
  3 crimson imps (D:7)
  A hound (D:6)
  A quasit (D:7)
  A gnoll shaman (D:5)
  5 human zombies
  A jelly (D:7)
  3 orc priests
  2 orc wizards
  2 bullfrog skeletons
  3 iguanas
  5 worker ants
  A big kobold zombie (Ossuary)
  A hound zombie (Ossuary)
  A hound skeleton (D:3)
  3 mummies (Ossuary)
  A worker ant zombie (D:3)
  8 gnolls
  15 adders
  2 shadow imps
  2 adder zombies
  2 worms
  3 dart slugs (D:2)
  2 leopard geckos
  19 orcs
  8 bats
  3 giant cockroaches
  A gnoll zombie (Ossuary)
  7 goblins
  11 hobgoblins
  5 jackals
  4 quokkas
  4 ball pythons
  A ball python skeleton (D:3)
  2 frilled lizards (D:1)
  2 goblin zombies (Ossuary)
  2 hobgoblin zombies (Ossuary)
  A jackal skeleton (D:4)
  3 jackal zombies (Ossuary)
  8 kobolds
  6 kobold zombies
  3 leopard gecko skeletons
  A leopard gecko zombie (D:3)
  4 orc zombies (Ossuary)
  3 quokka skeletons
  6 quokka zombies (Ossuary)
  8 rats
  4 rat zombies (Ossuary)
  A butterfly (Temple)
203 creatures vanquished.

Notes
Turn   | Place    | Note
-------+----------+-------------------------------------------
     0 | D:1      | BoppinsLewinski the Draconian Fighter began the quest for
                  | the Orb.
     0 | D:1      | Reached XP level 1. HP: 19/19 MP: 1/1
   169 | D:1      | Reached XP level 2. HP: 25/26 MP: 2/2
   596 | D:1      | Reached XP level 3. HP: 31/31 MP: 3/3
   647 | D:2      | Reached skill level 1 in Throwing
   796 | D:2      | Found a faded altar of an unknown god.
   858 | D:2      | Reached skill level 3 in Long Blades
   962 | D:2      | Reached XP level 4. HP: 40/40 MP: 4/4
  1127 | D:2      | Found a shimmering blue altar of Sif Muna.
  1391 | D:3      | Found an opulent altar of Gozag.
  1501 | D:3      | HP: 2/40 [poisoned by an adder]
  1509 | D:3      | HP: 1/40 [poisoned by an adder]
  1864 | D:3      | Reached skill level 1 in Slings
  1864 | D:3      | Reached XP level 5. HP: 46/46 MP: 5/5
  2720 | D:4      | Found a sand-covered staircase.
  2739 | Ossuary  | Entered an ossuary
  3001 | Ossuary  | Reached skill level 4 in Long Blades
  3066 | Ossuary  | Reached XP level 6. HP: 50/52 MP: 6/6
  4095 | D:4      | Your scales start taking on an icy white colour.
  4095 | D:4      | Reached XP level 7. HP: 55/60 MP: 7/7
  4095 | D:4      | Gained mutation: Your flesh is cold resistant. (rC+) [White
                  | Draconian growth]
  4518 | D:4      | Reached skill level 5 in Long Blades
  5140 | D:5      | Entered Level 5 of the Dungeon
  5194 | D:5      | Found a snail-covered altar of Cheibriados.
  5199 | D:5      | Found an iron altar of Okawaru.
  5287 | D:5      | Found a staircase to the Ecumenical Temple.
  5321 | Temple   | Entered the Ecumenical Temple
  5361 | Temple   | Became a worshipper of the Wu Jian Council
  5521 | D:5      | Noticed Dowan
  5523 | D:5      | Noticed Duvessa
  5529 | D:5      | Killed Duvessa
  5529 | D:5      | Reached skill level 5 in Fighting
  5542 | D:5      | Killed Dowan
  5568 | D:5      | HP: 3/61 [poisoned by Dowan]
  5574 | D:5      | HP: 2/61 [poisoned by Dowan]
  5582 | D:5      | HP: 2/61 [poisoned by Dowan]
  5889 | D:5      | Found a glowing golden altar of the Shining One.
  6159 | D:5      | Found a bloodstained altar of Trog.
  6335 | D:6      | Reached XP level 8. HP: 44/68 MP: 8/8
  6340 | D:6      | Reached * piety under Wu Jian
  6797 | D:6      | Reached skill level 6 in Long Blades
  7158 | D:6      | Reached skill level 5 in Dodging
  7191 | D:6      | Reached skill level 7 in Long Blades
  7591 | D:7      | Reached XP level 9. HP: 38/75 MP: 9/9
  8220 | D:7      | Found a hazy altar of Hepliaklqana.
  8271 | D:7      | Found a hazy altar of Hepliaklqana.
  8629 | D:8      | Noticed Maurice
  8629 | D:8      | Noticed Prince Ribbit
  8855 | D:7      | Killed Maurice
  9185 | D:8      | Found a staircase to the Lair.
  9214 | D:8      | Reached ** piety under Wu Jian
  9282 | D:8      | Noticed Joseph
  9306 | D:8      | Reached skill level 8 in Long Blades
  9306 | D:8      | Engulfed by Joseph's freezing vapour

Levels and vault maps discovered:
D:1:      tarquinn_simple_flora_water_a, layout_basic, serial_glass,
          glass_columns_b, glass_columns_b
D:2:      layout_rooms, lemuel_coloured_pillars_altar,
          chequers_ecumenical_altar_simple
D:3:      layout_basic, old_standard_altar, serial_undead, serial_undead_e,
          serial_undead_f, serial_undead_c, serial_undead_e, serial_undead_b,
          serial_undead_d
D:4:      layout_loops_corners, first_ration, enter_ossuary_3
D:5:      layout_basic, nicolae_tso_carved_into_rock, lemuel_crystal_altar,
          cheibriados_altar_1, minmay_temple_entry_butterflies,
          trog_hazing_becter, uniq_duvessa
D:6:      layout_loops_ring
D:7:      layout_cave_pools, kennysheep_mini_moat, basic_altar
D:8:      layout_basic, gammafunk_temple_overflow_statue, lair_entry_dummy,
          uniq_maurice, uniq_erica, uniq_joseph, uniq_prince_ribbit1
Temple:   minmay_temple_forest_path

Skill      XL: |  1  2  3  4  5  6  7  8  9 |
---------------+----------------------------+-----
Throwing       | 1 2 3 4 |  4.6
Dodging        | 3 4 5 |  5.6
Long Blades    | 3 4 5 7 8 |  8.0
Fighting       | 4 5 6 |  6.7
Slings         | 1 2 3 4 |  4.3
Shields        | |  3.0

Action                   |  1- 3 |  4- 6 |  7- 9 || total
-------------------------+-------+-------+-------++-------
Melee: Long sword        |    71 |   209 |   384 ||   664
       Tailslap          |     5 |    37 |    55 ||    97
 Fire: Hunting sling     |    43 |    39 |    46 ||   128
Throw: Throwing net      |       |       |     4 ||     4
       Boomerang         |       |       |    20 ||    20
       Javelin           |       |       |     1 ||     1
Invok: Lunge             |       |       |    14 ||    14
       Whirlwind         |       |       |     6 ||     6
 Abil: Breathe Frost     |       |       |     5 ||     5
       Wall Jump         |       |       |     1 ||     1
Evoke: Wand              |       |     4 |     4 ||     8
  Use: Potion            |       |     3 |    10 ||    13
       Scroll            |       |     9 |     6 ||    15
 Stab: Sleeping          |       |       |     1 ||     1
       Held in net/web   |       |       |     1 ||     1
  Eat: Chunk             |       |     7 |    11 ||    18
       Ration            |       |     1 |     2 ||     3
Armor: Skin              |    30 |    92 |   124 ||   246
Dodge: Dodged            |    77 |   155 |   266 ||   498
Block: Other             |       |       |    29 ||    29
       Reflection        |       |       |     1 ||     1
       Rpst.: Long sword |    20 |    54 |    72 ||   146

Table legend:
 A = Non-vault XP
 B = Vault XP
 C = Vault XP percentage of total XP
 D = Non-vault monster count
 E = Vault monster count
 F = Vault count percentage of total count
                 A         B        C        D         E       F
            +---------+---------+-------+---------+---------+-------
      Total |    3145 |     869 |  21.6 |     147 |      55 |  27.2
            +---------+---------+-------+---------+---------+-------
        D:1 |      42 |       0 |   0.0 |      26 |       0 |   0.0
        D:2 |      78 |       0 |   0.0 |      20 |       0 |   0.0
        D:3 |      83 |      38 |  31.4 |      19 |       7 |  26.9
        D:4 |     394 |      44 |  10.0 |      16 |       2 |  11.1
        D:5 |     134 |     227 |  62.9 |      10 |       8 |  44.4
        D:6 |    1201 |       0 |   0.0 |      24 |       0 |   0.0
        D:7 |     971 |     253 |  20.7 |      23 |       1 |   4.2
        D:8 |     242 |       0 |   0.0 |       9 |       0 |   0.0
    Ossuary |       0 |     307 | 100.0 |       0 |      37 | 100.0
            +---------+---------+-------+---------+---------+-------
